 Dungeon Crawl Stone Soup version 0.21-a0-153-g78480df (webtiles) character file.

29 4thArraOfDagon the Magician (level 3, -2/27 HPs)
             Began as a Mummy Warper on Aug 1, 2017.
             Slain by a quokka (4 damage)
             ... on level 2 of the Dungeon.
             The game lasted 00:01:20 (737 turns).

4thArraOfDagon the Magician (Mummy Warper)           Turns: 737, Time: 00:01:21

Health: -2/27      AC:  3    Str: 14    XL:     3   Next: 1%
Magic:  7/7        EV: 11    Int: 13    God:
Gold:   14         SH:  0    Dex: 11    Spells: 7/7 levels left

rFire    x . .     SeeInvis .   a - +0 falchion
rCold    + . .     Gourm    .   (no shield)
rNeg     + + +     Faith    .   b - +0 leather armour
rPois    ∞         Spirit   .   (no helmet)
rElec    .         Reflect  .   (no cloak)
rCorr    .         Harm     .   (no gloves)
MR       .....                  (no boots)
Stlth    +.........             (no amulet)
HPRegen  0.09/turn              f - ring of poison resistance
MPRegen  0.10/turn              (no ring)

@: no status effects
A: no food or potions, fire vulnerability, cold resistance 1, negative energy
resistance 3, torment resistance, unbreathing
a: no special abilities


You were on level 2 of the Dungeon.
You were not hungry.

You visited 1 branch of the dungeon, and saw 2 of its levels.

You collected 14 gold pieces.

Inventory:

Hand Weapons
 a - a +0 falchion (weapon)
Missiles
 e - 5 tomahawks of dispersal (quivered)
Armour
 b - a +0 leather armour (worn)
Jewellery
 f - a ring of poison resistance (left hand)
Scrolls
 d - a scroll of blinking
 g - 2 scrolls of magic mapping {unknown}
 h - a scroll of enchant weapon {unknown}
Books
 c - a book of Spatial Translocations

   Spells                             Type                      Level
   a - Blink                          Translocation                2
   b - Shroud of Golubria             Charms/Translocation         2
   c - Lesser Beckoning               Translocation                3
   d - Gell's Gravitas                Translocation                3
   e - Teleport Other                 Translocation                3
   f - Passage of Golubria            Translocation                4


   Skills:
 + Level 2.2 Fighting
 * Level 2.4 Long Blades
 - Level 0.7 Throwing
 + Level 1.0 Armour
 + Level 1.7 Dodging
 - Level 2.6 Spellcasting
   Level 2.4 Translocations


You had 7 spell levels left.
You didn't know any spells.

Dungeon Overview and Level Annotations

Branches:
Dungeon (2/15)

Altars:


Innate Abilities, Weirdness & Mutations

You do not eat or drink.
Your flesh is vulnerable to fire.
You are immune to poison.
Your flesh is cold resistant. (rC+)
You are immune to negative energy. (rN+++)
You are immune to unholy pain and torment.
You can survive without breathing.


Message History

The quokka is moderately wounded.
The quokka barely misses you. x2
You hit the quokka but do no damage.
The quokka is moderately wounded.
The quokka bites you.
* * * LOW HITPOINT WARNING * * *
You closely miss the quokka.
The quokka is moderately wounded.
The quokka bites you.
* * * LOW HITPOINT WARNING * * *
You hit the quokka.
The quokka is heavily wounded.
The quokka bites you.
* * * LOW HITPOINT WARNING * * *
The quokka misses you.
You riposte.
You closely miss the quokka.
The quokka is heavily wounded.
You hit the quokka.
The quokka is almost dead.
The quokka bites you.
You die...

#.....# ...##.# ......
.#.##.# ...... ....#.. #
...... ##..# .. #. ##....
#.....### #.## #....
#........ #...## #..# #
..######...###..####..#.####
.. ........@rS......... #.
##...##.####<.#.### #. ....
#..# ...#.## #..# ....##.#
.K## .##. #.. ..# # .## ...#
. .... #.#.#


You could see an adder and a quokka.

Vanquished Creatures
  An adder (D:2)
  3 dart slugs (D:1)
  A leopard gecko (D:1)
  2 bats (D:1)
  A giant cockroach (D:2)
  A hobgoblin (D:1)
  A frilled lizard (D:1)
  A goblin (D:1)
  2 kobolds (D:2)
  2 rats
15 creatures vanquished.

Notes
Turn   | Place    | Note
-------+----------+-------------------------------------------
     0 | D:1      | 4thArraOfDagon the Mummy Warper began the quest for the Orb.
     0 | D:1      | Reached XP level 1. HP: 16/16 MP: 4/4
    88 | D:1      | Reached XP level 2. HP: 8/22 MP: 5/5
   718 | D:2      | Reached skill level 1 in Armour
   725 | D:2      | Reached XP level 3. HP: 13/27 MP: 7/7
   737 | D:2      | Slain by a quokka

Vault maps used:
D:1:      lemuel_arrival_lava_pool
D:2:      lightli_temple_of_fire, serial_curves, eino_curves_02, eino_curves_04,
          minmay_tetromino_i2

Skill      XL: |  1  2 |
---------------+-------+-----
Long Blades    | 2 |  2.4
Armour         | 1 |  1.0
Fighting       | |  2.2
Throwing       | |  0.7
Dodging        | |  1.7
Spellcasting   | |  2.6
Translocations | |  2.4

Action                   || total
-------------------------++-------
Melee: Falchion          ||    61
Armor: Leather armour    ||    25
Dodge: Dodged            ||    40
       Rpst.: Falchion   ||    13
